Map: 环轨星港

Players

Triliks

  • Race: Protoss Protoss

shengy - Winner!

  • Race: Zerg Zerg
  • League: Gold

VOD

Have the link to the VOD?

Description

Time

  • Played on: Dec. 10, 2015, 11:58 p.m.
  • Length: 14:58
Show
View Real Time Build Order
Export as new Build Order

Triliks Protoss 

Build Orders: Nexus First, Phoenix Opening 

Get SALT Encoding   

  12  0:01  Probe (Chrono Boost)  
  13  0:12  Probe (Chrono Boost)  
  14  0:22  Pylon  
  14  0:25  Probe (Chrono Boost)  
  15  0:53  Nexus  
  16  0:57  Probe (Chrono Boost)  
  16  1:06  Pylon  
  16  1:10  Probe (Chrono Boost)  
  17  1:21  Probe (Chrono Boost)  
  17  1:25  Gateway  
  18  1:31  Probe (Chrono Boost)  
  19  1:35  Assimilator  
  19  1:44  Probe (Chrono Boost)  
  20  1:47  Assimilator  
  20  1:54  Probe (Chrono Boost)  
  21  2:09  Probe x2 (Chrono Boost)  
  23  2:17  Zealot (Chrono Boost)  
  23  2:18  Probe  
  23  2:20  Probe  
  23  2:21  Cybernetics Core  
  27  2:29  Probe  
  27  2:32  Probe  
  29  2:39  Probe  
  29  2:40  Assimilator  
  30  2:44  Probe  
  30  2:48  Zealot (Chrono Boost)  
  30  2:50  Probe  
  33  2:56  Probe  
  35  3:01  Stargate  
  35  3:02  Warp Gate (Chrono Boost)  
  35  3:05  Probe  
  36  3:14  Stalker (Chrono Boost)  
  36  3:17  Probe  
  39  3:23  Probe  
  40  3:27  Pylon  
  40  3:29  Probe, Assimilator  
  41  3:35  Forge  
  41  3:45  Phoenix (Chrono Boost)  
  43  3:56  Probe (Chrono Boost)  
  43  3:57  Probe (Chrono Boost)  
  45  4:08  Phoenix  
  45  4:09  Probe  
  48  4:20  Sentry (Chrono Boost)  
  48  4:22  Probe  
  48  4:23  Probe  
  52  4:28  Pylon  
  52  4:30  Robotics Facility  
  52  4:32  Probe  
  52  4:35  Probe  
  54  4:46  Phoenix  
  54  4:49  Probe  
  54  4:51  Probe  
  58  4:55  Pylon  
  58  4:56  Twilight Council  
  58  4:59  Gateway  
  58  5:00  Gateway, Probe  
  58  5:03  Probe  
  58  5:06  Pylon  
  60  5:11  Probe  
  61  5:15  Probe  
  61  5:21  Pylon, Probe  
  62  5:23  Sentry (Chrono Boost)  
  65  5:29  Phoenix  
  66  5:54  Phoenix  
  68  5:59  Observer (Chrono Boost)  
  68  6:01  Nexus  
  68  6:03  Protoss Ground Weapons Level 1 (Chrono Boost)  
  69  6:04  Robotics Bay  
  69  6:07  Blink (Chrono Boost)  
  69  6:13  Stalker  
  69  6:14  Stalker  
  73  6:34  Phoenix  
  75  6:51  Stalker  
  75  6:52  Stalker x2  
  81  6:58  Pylon  
  81  6:59  Phoenix  
  83  7:02  Pylon  
  83  7:16  Zealot x3  
  83  7:18  Fleet Beacon  
  89  7:30  Photon Cannon, Probe  
  89  7:31  Photon Cannon  
  89  7:35  Assimilator  
  90  7:40  Probe  
  90  7:41  Disruptor (Chrono Boost), Assimilator  
  94  7:45  Photon Cannon  
  94  7:47  Photon Cannon  
  94  7:49  Photon Cannon  
  94  7:51  Probe  
  93  8:06  Phoenix  
  93  8:07  Zealot  
  93  8:08  Zealot x2  
  101  8:13  Photon Cannon, Disruptor (Chrono Boost)  
  101  8:15  Pylon  
  101  8:16  Probe  
  101  8:18  Photon Cannon  
  105  8:22  Probe  
  105  8:24  Probe  
  105  8:26  Probe  
  108  8:36  Probe  
  108  8:37  Probe  
  108  8:39  Phoenix  
  112  8:43  Disruptor (Chrono Boost)  
  112  8:48  Probe (Chrono Boost), Charge (Chrono Boost)  
  115  8:55  Mothership Core (Chrono Boost)  
  118  8:58  Probe (Chrono Boost)  
  118  8:59  Probe (Chrono Boost)  
  120  9:03  Photon Cannon  
  120  9:05  Anion Pulse-Crystals (Chrono Boost)  
  120  9:06  Photon Cannon x2  
  120  9:07  Probe  
  90  9:59  Probe  
  88  10:00  Probe, Stalker x3  
  88  10:01  Probe  
  88  10:04  Assimilator  
  97  10:10  Protoss Ground Weapons Level 2 (Chrono Boost)  
  97  10:11  Probe  
  97  10:12  Phoenix (Chrono Boost)  
  98  10:16  Pylon  
  98  10:18  Pylon, Disruptor (Chrono Boost)  
  103  10:24  Probe  
  104  10:34  Phoenix  
  104  10:55  Stalker x3  
  104  10:56  Disruptor (Chrono Boost)  
  110  10:57  Pylon  
  110  10:58  Phoenix  
  110  11:01  Pylon  
  115  11:10  Forge  
  115  11:15  Nexus  
  115  11:23  Photon Cannon  
  115  11:24  Photon Cannon  
  115  11:25  Photon Cannon  
  115  11:31  Photon Cannon  
  115  11:34  Phoenix  
  115  11:36  Photon Cannon  
  115  11:37  Photon Cannon  
  115  11:38  Photon Cannon  
  117  11:59  Phoenix  
  111  12:42  Stalker x3  
  113  13:14  Stalker x3  
  113  13:16  Probe  
  113  13:19  Pylon  
  120  13:21  Pylon  
  120  13:23  Photon Cannon, Probe  
  120  13:25  Photon Cannon  
  120  13:27  Photon Cannon  
  121  13:28  Probe  
  121  13:31  Assimilator  
  121  13:32  Stargate  
  121  13:33  Stargate  
  122  13:34  Pylon  
  122  13:35  Probe  
  122  13:37  Pylon  
  122  13:40  Pylon  
  122  13:41  Probe  
  124  13:42  Forge, Pylon  
  124  13:44  Gateway  
  124  13:45  Probe  
  124  13:46  Gateway, Probe  
  124  13:48  Probe  
  127  13:50  Photon Cannon  
  127  13:53  Photon Cannon, Probe  
  128  13:56  Probe  
  128  13:57  Probe  
  128  14:00  Probe  
  131  14:05  Probe  
  131  14:07  Probe  
Show
View Real Time Build Order
Export as new Build Order

shengy Zerg - Winner!

Build Orders: 3 Hatch before Pool, Lurkers 

Get SALT Encoding   

  12  0:01  Drone  
  13  0:08  Drone  
  14  0:17  Overlord  
  14  0:36  Drone x3  
  17  0:47  Drone  
  18  0:57  Hatchery  
  18  0:59  Drone  
  18  1:09  Drone  
  19  1:19  Drone  
  20  1:34  Hatchery  
  19  1:40  Spawning Pool  
  18  1:49  Drone  
  18  1:50  Overlord  
  18  1:52  Drone  
  20  2:08  Overlord  
  19  2:09  Drone  
  19  2:13  Drone  
  21  2:24  Drone x2  
  23  2:30  Queen  
  23  2:31  Queen  
  27  2:40  Drone x2  
  29  2:46  Drone x2  
  29  2:47  Drone  
  32  2:54  Drone  
  32  2:56  Drone  
  34  3:09  Queen  
  34  3:10  Queen, Overlord  
  38  3:14  Drone  
  38  3:15  Extractor, Drone  
  38  3:16  Extractor  
  38  3:22  Drone x2, Roach Warren  
  38  3:23  Extractor  
  38  3:24  Drone  
  39  3:34  Spore Crawler  
  38  3:40  Spore Crawler  
  37  3:44  Spore Crawler  
  37  3:48  Drone x4  
  40  3:58  Drone x3  
  40  3:59  Drone  
  40  4:00  Drone x3  
  47  4:11  Lair  
  47  4:12  Spore Crawler  
  46  4:18  Drone  
  46  4:19  Drone x3  
  46  4:20  Drone  
  51  4:29  Spore Crawler  
  50  4:34  Drone x2  
  50  4:35  Drone  
  53  4:44  Zergling x4  
  55  4:49  Overlord x2  
  56  4:52  Drone  
  56  4:53  Drone x2  
  56  4:57  Extractor  
  56  4:59  Drone  
  58  5:00  Overlord  
  58  5:19  Hydralisk Den  
  57  5:22  Evolution Chamber  
  57  5:25  Evolution Chamber  
  55  5:33  Overlord x2  
  55  5:35  Overlord  
  53  5:44  Overseer  
  53  5:49  Zerg Missile Weapons Level 1  
  53  5:51  Muscular Augments  
  53  5:52  Overlord  
  53  5:53  Drone x5  
  53  5:54  Drone x8  
  53  5:55  Drone  
  67  5:58  Extractor  
  67  5:59  Extractor  
  65  6:08  Zerg Ground Armor Level 1  
  65  6:12  Overlord  
  65  6:13  Drone x6  
  71  6:23  Extractor  
  71  6:24  Extractor  
  71  6:25  Hatchery  
  68  6:34  Spore Crawler, Hatchery  
  68  6:39  Hydralisk  
  65  6:40  Hydralisk x7  
  79  6:47  Drone  
  79  7:16  Hydralisk x7  
  79  7:17  Hydralisk x7  
  107  7:24  Lurker Den  
  105  7:30  Queen  
  107  7:49  Spore Crawler  
  107  7:50  Overlord  
  107  7:51  Overlord  
  106  8:01  Overlord  
  106  8:04  Queen  
  108  8:08  Zerg Ground Armor Level 2, Zerg Missile Weapons Level 2  
  108  8:19  Roach  
  110  8:20  Roach x6  
  110  8:21  Roach x8  
  138  8:29  Drone x2  
  140  8:35  Overlord x2  
  140  8:37  Drone x3  
  143  8:43  Spore Crawler  
  143  8:45  Spore Crawler  
  141  8:48  Overlord x2  
  141  8:49  Overlord  
  141  8:57  Lurker x5  
  146  9:09  Infestation Pit  
  143  9:23  Hydralisk x5  
  103  9:40  Lurker  
  103  9:41  Lurker x4  
  91  10:07  Spire  
  91  10:08  Spire  
  91  10:10  Hive  
  91  10:11  Pathogen Glands  
  89  10:14  Metabolic Boost  
  89  10:18  Lurker x2  
  91  10:28  Drone x3  
  94  10:31  Drone  
  95  11:14  Overlord  
  95  11:16  Zergling x2  
  95  11:18  Zergling x18  
  102  11:19  Zergling x20  
  102  11:20  Zergling x20  
  102  11:21  Zergling x6  
  128  11:33  Ultralisk Cavern  
  127  11:52  Overlord  
  127  11:53  Overlord x2  
  105  12:41  Chitinous Plating  
  94  13:07  Ultralisk x6  
  94  13:08  Ultralisk x6  
  160  13:14  Corruptor x2  
  160  13:15  Corruptor  
  160  13:19  Zergling x4  
  169  13:20  Zergling x14  
  169  13:21  Zergling x2  
  176  13:34  Drone  
  177  13:50  Extractor  
  177  13:51  Hatchery  
  175  14:16  Corruptor x7  
  175  14:17  Corruptor x2  
  159  14:46  Ravager  
  159  14:47  Ravager  
Tags
 
Add a new tag
Caveats
  • Supply blocks, unpowered buildings, or Contaminate may cause inaccurate times.
  • Supply counts are checked every 10 seconds.